 Dungeon Crawl Stone Soup version 0.29-a0-451-gfbfa42419e (webtiles) character file.

Game seed: 1776963633793707687

163 Ge0ff the Grave Robber (level 5, 0/24 HPs)
             Began as a Vine Stalker Necromancer on May 19, 2022.
             Splashed by a jelly's acid (7 damage)
             ... on level 3 of the Dungeon.
             The game lasted 00:05:56 (1795 turns).

Ge0ff the Grave Robber (Vine Stalker Necromancer)   Turns: 1795, Time: 00:05:57

Health: 0/24       AC: -6    Str: 11    XL:     5   Next: 44%
Magic:  0/19       EV: 12    Int: 17    God:
Gold:   73         SH:  0    Dex: 14    Spells: 6/10 levels left

rFire   . . .      SeeInvis .   a - +0 dagger
rCold   . . .      Faith    .   (no shield)
rNeg    . . .      Spirit   +   Q - +0 robe
rPois   .          Reflect  .   (no helmet)
rElec   .          Harm     .   (no cloak)
rCorr   .          Rampage  .   (no gloves)
Will    .....                   (no boots)
Stlth   ++........              (no amulet)
HPRegen 0.88/turn               S - ring of magical power
MPRegen 0.16/turn               (no ring)

@: corroded
A: fangs 2, regeneration 1, magic shield, antimagic bite, no potion heal 2
a: no special abilities


You were on level 3 of the Dungeon.
You visited 1 branch of the dungeon, and saw 3 of its levels.

You collected 73 gold pieces.

Inventory:

Hand Weapons
 a - a +0 dagger (weapon)
Missiles
 L - 115 stones
 O - 3 atropa-tipped darts
 Z - 2 poisoned darts
Armour
 Q - a +0 robe (worn)
Jewellery
 S - a ring of magical power (left hand)
Scrolls
 B - 2 scrolls of blinking
 H - a scroll of teleportation {unknown}
 I - a scroll of immolation {unknown}
 V - 2 scrolls of vulnerability
 W - a scroll of torment {unknown}
Potions
 K - 2 potions of magic {!q}
 M - a potion of degeneration {unknown}
 N - a potion of curing {unknown}
 P - a potion of berserk rage {unknown}
 R - a potion of resistance {unknown}
 T - a potion of might {unknown}
 X - a potion of flight {unknown}
 Y - a potion of mutation {unknown}


   Skills:
 - Level 2.0 Dodging
 - Level 2.4 Stealth
 - Level 3.0 Spellcasting
 + Level 6.0 Necromancy


You had 6 spell levels left.
You knew the following spells:

 Your Spells              Type           Power      Damage    Failure   Level
k - Necrotize             Necr           92%        1d8       1%          1
C - Vampiric Draining     Necr           23%        2d7       4%          3

Your spell library contained the following spells:

 Spells                   Type           Power      Damage    Failure   Level
 Animate Dead             Necr           23%        N/A       14%         4
 Agony                    Necr           23%        N/A       38%         5


Dungeon Overview and Level Annotations

Branches:
Dungeon (3/15)

Altars:
Nemelex Xobeh

Annotations:
D:1 27 Necro


Innate Abilities, Weirdness & Mutations

You have extremely sharp teeth.
Your natural rate of healing is unusually fast.
When hurt, damage is shared between your health and your magic reserves.
Your bite disrupts and absorbs the magic of your enemies.
Potions cannot restore your health.


Message History

Aiming: Necrotize (safe; 1% risk of failure)
Press: ? - help, Shift-Dir - straight line, f/p - orc wizard
Aim: an orc wizard, wielding a +0 dagger and wearing a +0 robe (heavily wounded, ally target, chance to affect: 81%)
The orc wizard writhes in agony!
Your orc priest skeleton barely misses the orc wizard.
The hobgoblin barely misses your adder skeleton.
The rat bites your orc priest skeleton.
Casting: Necrotize (safe; 1% risk of failure)
Confirm with . or Enter, or press ? or * to list all spells.
Aiming: Necrotize (safe; 1% risk of failure)
Press: ? - help, Shift-Dir - straight line, f/p - orc wizard
Aim: an orc wizard, wielding a +0 dagger and wearing a +0 robe (almost dead, ally target, chance to affect: 81%)
The orc wizard barely resists.
Your orc skeleton hits the hobgoblin.
The rat bites your orc priest skeleton.
The orc wizard writhes in agony!
You kill the orc wizard!
The dead are walking!
The jelly hits you. The acid corrodes you!
You are splashed with acid.
Your adder skeleton bites the jelly.
The acid corrodes your adder skeleton!
Your adder skeleton is burned by acid!
Your adder skeleton is destroyed!
Your orc priest skeleton hits the hobgoblin but does no damage.
Your orc wizard skeleton hits the jelly.
Your orc wizard skeleton is burned by acid!
Your Necromancy skill increases to level 6!
The jelly barely resists.
The hobgoblin hits your orc priest skeleton.
The jelly hits you. The acid corrodes you!
You are splashed with acid!
* * * LOW HITPOINT WARNING * * *
Your orc skeleton hits the hobgoblin but does no damage.
Your orc priest skeleton closely misses the rat.
Casting: Necrotize (safe; 1% risk of failure)
Confirm with . or Enter, or press ? or * to list all spells.
Aiming: Necrotize (safe; 1% risk of failure)
Press: ? - help, Shift-Dir - straight line, f/p - jelly
Aim: a jelly (moderately wounded, ally target, chance to affect: 87%)
The jelly writhes in agony.
Your orc wizard skeleton hits the jelly.
Your orc wizard skeleton is burned by acid!
Your orc wizard skeleton hits the jelly.
The acid corrodes your orc wizard skeleton!
Your orc wizard skeleton is burned by acid!
The hobgoblin barely misses your orc priest skeleton.
The jelly hits you.
* * * LOW HITPOINT WARNING * * *
You are splashed with acid!
You die...

#.....<# #
#......###.###
#.###........
#.###.####.##
#..........#
##.......###
########.###
...........#
...(...@...#
......)JZ..#
....rZ.Z...#
....g......#
...Z.......#
...........#
...........#
...........#


You could see a jelly (ally target), a hobgoblin, a rat (ally target), a
friendly orc skeleton, a friendly orc priest skeleton and 2 friendly orc wizard
skeletons.

Vanquished Creatures
  An orc priest (D:3)
  Terence (D:2)
  2 orc wizards (D:3)
  2 adders
  A worm (D:2)
  2 dart slugs
  An orc (D:3)
  2 ball pythons
  4 bats (D:1)
  4 endoplasms
  2 giant cockroaches (D:1)
  4 goblins
  2 hobgoblins
  3 frilled lizards
  A kobold (D:3)
  3 rats
35 creatures vanquished.

Vanquished Creatures (collateral kills)
  A ball python (D:2)
1 creature vanquished.

Grand Total: 36 creatures vanquished

Notes
Turn   | Place    | Note
-------+----------+-------------------------------------------
     0 | D:1      | Ge0ff the Vine Stalker Necromancer began the quest for the
                  | Orb.
     0 | D:1      | Reached XP level 1. HP: 9/9 MP: 4/4
   140 | D:1      | Reached XP level 2. HP: 7/13 MP: 0/6
   738 | D:1      | Reached XP level 3. HP: 16/16 MP: 1/8
  1140 | D:2      | Found a faded altar of an unknown god.
  1489 | D:2      | Learned a level 3 spell: Vampiric Draining
  1577 | D:2      | Found a sparkling altar of Nemelex Xobeh.
  1589 | D:2      | Noticed Terence
  1598 | D:2      | Killed Terence
  1599 | D:2      | Reached skill level 5 in Necromancy
  1599 | D:2      | Gained mutation: Your natural rate of healing is unusually
                  | fast. [Vine Stalker growth]
  1599 | D:2      | Reached XP level 4. HP: 19/21 MP: 7/9
  1789 | D:3      | Reached XP level 5. HP: 24/24 MP: 9/10
  1794 | D:3      | Reached skill level 6 in Necromancy
  1795 | D:3      | Splashed by a jelly's acid

Illustrated notes

Levels and vault maps discovered:
D:1:      lightli_arrival_flooded_house, layout_rooms
D:2:      layout_basic, shapermc_ecumenical_altar_pompeii, basic_altar,
          uniq_terence
D:3:      layout_basic, minmay_ogre_servants

Skill      XL: |  1  2  3  4  5 |
---------------+----------------+-----
Spellcasting   | 3 |  3.0
Dodging        | 2 |  2.0
Necromancy     | 5 6 |  6.0
Stealth        | |  2.4

Action                   |  1- 3 |  4- 6 || total
-------------------------+-------+-------++-------
Melee: Unarmed           |     5 |       ||     5
       Bite              |     2 |       ||     2
 Cast: Necrotize         |    65 |    18 ||    83
       Vampiric Draining |     1 |       ||     1
  Use: Scroll            |       |     2 ||     2
Armor: Robe              |     5 |     1 ||     6
Dodge: Dodged            |     9 |     3 ||    12

Table legend: (Time is in decaauts)
 A = Elapsed time spent in this place.
 B = Non-inter-level travel time spent in this place.
 C = Inter-level travel time spent in this place.
 D = Time resting spent in this place.
 E = Time spent auto-exploring this place.
 F = Levels seen in this place.
 G = Mean time per level.
                   A        B        C        D        E       F      G
               +--------+--------+--------+--------+--------+-----+--------+
         Total |   1794 |   1719 |     75 |      4 |   1441 |   3 |  598.0 |
       Dungeon |   1794 |   1719 |     75 |      4 |   1441 |   3 |  598.0 |
               +--------+--------+--------+--------+--------+-----+--------+

Top non-repeatable levels by time:
     D:1: 942 daAuts
     D:2: 798 daAuts
     D:3: 54 daAuts
